 Dungeon Crawl Stone Soup version 0.23.2-1-ga50397a6bc (webtiles) character file.

Game seed: 10164225506470225575

3501 Mrkan the Grappler (level 9, -2/80 HPs)
             Began as a Troll Monk on May 21, 2019.
             Was an Elder of Makhleb.
             Slain by a three-headed hydra (14 damage)
             ... on level 8 of the Dungeon.
             The game lasted 00:13:32 (5808 turns).

Mrkan the Grappler (Troll Monk)                     Turns: 5808, Time: 00:13:34

Health: -2/80      AC: 10    Str: 21    XL:     9   Next: 80%
Magic:  12/12      EV: 13    Int:  6    God:    Makhleb [****..]
Gold:   392        SH:  0    Dex: 15    Spells: 8/8 levels left

rFire    . . .     SeeInvis .     - Unarmed
rCold    + . .     Gourm    +   (no shield)
rNeg     . . .     Faith    .   s - +2 robe {rC+}
rPois    .         Spirit   .   E - +2 hat
rElec    .         Reflect  .   (no cloak)
rCorr    .         Harm     .   (gloves unavailable)
MR       .....                  (boots unavailable)
Stlth    ++........             (no amulet)
HPRegen  0.63/turn              (no ring)
MPRegen  0.13/turn              (no ring)

@: no status effects
A: large, unfitting armour, claws 3, fast metabolism 3, gourmand, regeneration
1, shaggy fur 1, tough skin 3
a: Minor Destruction, Lesser Servant of Makhleb, Major Destruction, Renounce
Religion


You were on level 8 of the Dungeon.
You worshipped Makhleb.
Makhleb was greatly pleased with you.
You were completely stuffed.

You visited 1 branch of the dungeon, and saw 8 of its levels.

You collected 392 gold pieces.

Inventory:

Hand Weapons
 t - a +1 dire flail of venom
 w - a +0 giant spiked club
 G - a +0 falchion of flaming
Armour
 s - a +2 robe of cold resistance (worn)
 E - a +2 hat (worn)
Jewellery
 h - an uncursed ring of positive energy
 k - an uncursed ring of ice
 q - an uncursed ring of ice
Wands
 p - a wand of acid (9)
 v - a wand of flame (14)
 x - a wand of polymorph (9)
 y - a wand of digging (4)
Scrolls
 a - 2 scrolls of fear
 d - 3 scrolls of teleportation
 l - a scroll of amnesia
 o - 3 scrolls of remove curse
 C - a scroll of enchant weapon
 D - a scroll of magic mapping
 F - a scroll of identify
Potions
 c - 6 potions of curing
 e - a potion of resistance {unknown}
 f - 2 potions of magic
 i - a potion of heal wounds
 j - 2 potions of might
 m - 3 potions of brilliance
 n - a potion of flight {unknown}
 r - 2 potions of mutation {unknown}
 u - 4 potions of haste {unknown}
 z - a potion of degeneration {unknown}
 A - a potion of invisibility {unknown}
 B - a potion of lignification {unknown}
Comestibles
 b - 21 rations
 g - 10 chunks of flesh


   Skills:
 - Level 2.4 Fighting
 * Level 4.7 Throwing
 - Level 5.3 Dodging
 - Level 1.0 Stealth
 - Level 10.0 Unarmed Combat
 + Level 6.1 Invocations


You had 8 spell levels left.
You didn't know any spells.
Your spell library was empty.

Dungeon Overview and Level Annotations

Branches:
Dungeon (8/15)             Temple (0/1) D:6
   Lair: D:8-11

Altars:
Ashenzari
Elyvilon
Gozag
Hepliaklqana
Makhleb
Nemelex Xobeh
Okawaru
Sif Muna
Vehumet


Innate Abilities, Weirdness & Mutations

You are too large for most types of armour.
You have claws for hands.
Your metabolism is lightning-fast.
You like to eat raw meat.
Your natural rate of healing is unusually fast.
You are covered in fur. (AC +1)
You have extremely tough skin. (AC +3)


Message History

You closely miss the big kobold.
The big kobold hits you but does no damage.
You closely miss the big kobold. The three-headed hydra bites you! x2
* * * LOW HITPOINT WARNING * * *
The three-headed hydra bites you!
* * * LOW HITPOINT WARNING * * *
The big kobold hits you but does no damage.
You claw the big kobold!
The big kobold is heavily wounded.
The three-headed hydra bites you but does no damage.
The three-headed hydra barely misses you.
The three-headed hydra bites you but does no damage.
The big kobold barely misses you.
You barely miss the big kobold. Your claw misses the big kobold.
The big kobold is heavily wounded.
The three-headed hydra bites you but does no damage.
The three-headed hydra bites you.
* * * LOW HITPOINT WARNING * * *
The three-headed hydra bites you!
You die...

.....## ###...#
..... #.... ..#
#.... . ##....
######.....
#.......#..
#############.##..
#K)+.P≈PP#....##..
#@D#≈≈≈≈P####...[.
#(##P≈P.≈####<##..
#[.#.....#.)÷.##..
#..'....≈..##.####
#..'..P..######
#..'....≈#
#..#.....# #
############# ##
.........##.# ###.


You could see a three-headed hydra and a big kobold.

Vanquished Creatures
  A dream sheep (D:8)
  A hippogriff (D:7)
  A wyvern (D:8)
  2 yaks (D:8)
  Menkaure (D:6)
  Edmund (D:6)
  A black bear (D:5)
  An ice beast (D:6)
  4 ogres
  2 centaurs
  A phantom (D:5)
  3 big kobolds
  3 bullfrogs
  Blork the orc (D:6)
  A scorpion (D:8)
  A howler monkey (D:7)
  3 crimson imps
  A centaur zombie (D:6)
  2 jellies
  2 orc priests
  2 hounds
  A bullfrog skeleton (D:5)
  Jessica (D:2)
  2 worker ants
  Natasha (thrice) (D:4)
  An iguana (D:7)
  7 orc wizards
  A killer bee zombie (D:5)
  A hound skeleton (D:4)
  Robin (D:2)
  4 gnolls
  A howler monkey skeleton (D:5)
  9 adders
  2 shadow imps
  2 adder skeletons
  An adder zombie (D:5)
  2 dart slugs
  5 worms
  2 leopard geckos
  19 orcs
  2 ball pythons
  7 bats
  6 giant cockroaches
  13 goblins
  13 hobgoblins
  12 jackals
  7 quokkas
  8 frilled lizards
  A jackal skeleton (D:5)
  29 kobolds
  A leopard gecko skeleton (D:5)
  11 rats
210 creatures vanquished.

Vanquished Creatures (collateral kills)
  A dream sheep (D:8)
  Duvessa (D:7)
  Dowan (D:7)
  An adder (D:8)
  A shadow imp (D:8)
5 creatures vanquished.

Grand Total: 215 creatures vanquished

Notes
Turn   | Place    | Note
-------+----------+-------------------------------------------
     0 | D:1      | Mrkan the Troll Monk began the quest for the Orb.
     0 | D:1      | Reached XP level 1. HP: 22/22 MP: 0/0
   105 | D:1      | Reached XP level 2. HP: 27/29 MP: 1/1
   206 | D:1      | Reached skill level 4 in Unarmed Combat
   243 | D:1      | Reached XP level 3. HP: 16/36 MP: 2/2
   725 | D:2      | Noticed Robin
   740 | D:2      | Killed Robin
   740 | D:2      | Reached skill level 5 in Unarmed Combat
   740 | D:2      | Reached XP level 4. HP: 44/44 MP: 3/3
   887 | D:2      | Found a sparkling altar of Nemelex Xobeh.
   923 | D:2      | Noticed Jessica
   929 | D:2      | Killed Jessica
  1319 | D:3      | Reached XP level 5. HP: 50/50 MP: 4/4
  1459 | D:3      | Reached skill level 6 in Unarmed Combat
  1647 | D:3      | Found a deep blue altar of Sif Muna.
  2027 | D:4      | Noticed Natasha
  2033 | D:4      | Killed Natasha
  2067 | D:4      | Found an opulent altar of Gozag.
  2068 | D:4      | Found a burning altar of Makhleb.
  2078 | D:4      | Became a worshipper of Makhleb the Destroyer
  2078 | D:4      | Reached * piety under Makhleb
  2078 | D:4      | Reached ** piety under Makhleb
  2102 | D:4      | Noticed Natasha
  2113 | D:4      | Killed Natasha
  2113 | D:4      | Reached XP level 6. HP: 27/59 MP: 5/5
  2204 | D:4      | Reached skill level 7 in Unarmed Combat
  2220 | D:4      | Found a white marble altar of Elyvilon.
  2356 | D:4      | Noticed Natasha
  2366 | D:4      | Killed Natasha
  2742 | D:4      | Found a hazy altar of Hepliaklqana.
  2840 | D:5      | Entered Level 5 of the Dungeon
  2887 | D:5      | Reached skill level 8 in Unarmed Combat
  2919 | D:5      | Found a shattered altar of Ashenzari.
  2950 | D:5      | Reached XP level 7. HP: 54/66 MP: 6/6
  3058 | D:5      | Reached skill level 9 in Unarmed Combat
  3185 | D:5      | Reached *** piety under Makhleb
  3659 | D:5      | Reached XP level 8. HP: 60/74 MP: 7/7
  3675 | D:6      | Reached skill level 10 in Unarmed Combat
  3756 | D:6      | Found a staircase to the Ecumenical Temple.
  3757 | D:6      | Noticed Blork the orc
  3764 | D:6      | Killed Blork the orc
  3764 | D:6      | Reached skill level 1 in Invocations
  3935 | D:6      | Found an iron altar of Okawaru.
  4061 | D:6      | Noticed Menkaure
  4071 | D:6      | HP: 3/74 [Menkaure (4)]
  4072 | D:6      | Killed Menkaure
  4236 | D:6      | Noticed Edmund
  4250 | D:6      | Killed Edmund
  4833 | D:7      | Noticed Duvessa
  4833 | D:7      | Noticed Dowan
  4838 | D:7      | Killed Duvessa
  4844 | D:7      | Killed Dowan
  4950 | D:7      | Noticed a hippogriff
  4957 | D:7      | Killed a hippogriff
  4957 | D:7      | Reached XP level 9. HP: 79/80 MP: 11/11
  4966 | D:7      | Reached skill level 5 in Dodging
  5020 | D:7      | Reached **** piety under Makhleb
  5299 | D:7      | Reached skill level 5 in Invocations
  5558 | D:8      | Reached skill level 1 in Throwing
  5600 | D:8      | Found a radiant altar of Vehumet.
  5802 | D:8      | Noticed a three-headed hydra
  5808 | D:8      | Slain by a three-headed hydra

Skill      XL: |  1  2  3  4  5  6  7  8  9 |
---------------+----------------------------+-----
Unarmed Combat | 4 5 6 8 9 10 | 10.0
Invocations    | 4 6 |  6.1
Dodging        | 4 5 |  5.3
Throwing       | 4 |  4.7
Fighting       | |  2.4
Stealth        | |  1.0

Action                   |  1- 3 |  4- 6 |  7- 9 || total
-------------------------+-------+-------+-------++-------
Melee: Unarmed           |   132 |   197 |   255 ||   584
       Punch             |     2 |     3 |    15 ||    20
Invok: Lesser Servant of |       |       |     3 ||     3
  Use: Scroll            |       |    13 |     4 ||    17
       Potion            |       |       |     2 ||     2
 Stab: Sleeping          |       |     5 |     1 ||     6
  Eat: Chunk             |    12 |    19 |    28 ||    59
Armor: Robe              |    75 |    66 |    76 ||   217
Dodge: Dodged            |   119 |    86 |   146 ||   351
